[ AOE2 MATCH · #475687478 ]
1v1 RMFranks vs Goths
Player's team · WIN
Rival team · LOSS
[ REPLAY ANALYSIS · EXTRACTED FROM THE RECORDED GAME ]
Feudal
10:16
Castle
21:49
Imperial
35:49
| APM avg | 33.1 |
| APM peak | 75 |
| eAPM avg | 18.0 |
| Villagers / military | 150 / 111 |
Focus
⚔️ 23.1% · 🌾 76.9%
Throwing Axeman ×82 · Scorpion ×11 · Trebuchet (Packed) ×6 · Knight ×5 · Militia ×4 · Spearman ×2
Feudal
9:57
Castle
24:05
Imperial
39:16
| APM avg | 30.5 |
| APM peak | 68 |
| eAPM avg | 16.1 |
| Villagers / military | 88 / 106 |
Focus
⚔️ 38.9% · 🌾 61.1%
Knight ×28 · Scout Cavalry ×25 · Spearman ×20 · Archer ×19 · Militia ×5 · Huskarl ×5
Match map
Initial resources + every placement click. Lines = walls · curves = elevation contours. ◆ gold · ⬟ stone · ● berries · ✦ relic · ◌ wall gap
Your base· Open — unwalled flank
OnTheVerge's base· ✓ Closed at 24:05 · 65t walls · 3 gate(s)
Smoothed initial terrain · ◌ = detected wall gap · hover for details
Inputs per minute
— federico.parolin - - OnTheVerge
Build order — federico.parolin
First 150 of 405 actions detected
| 0:09 | Create | Villager (Male) |
| 0:09 | Create | Villager (Male) |
| 0:09 | Create | Villager (Male) |
| 0:09 | Create | Villager (Male) |
| 0:11 | Build | House |
| 0:12 | Build | House |
| 1:36 | Create | Villager (Male) |
| 2:17 | Create | Villager (Male) |
| 2:37 | Create | Villager (Male) |
| 2:54 | Create | Villager (Male) |
| 3:24 | Create | Villager (Male) |
| 3:25 | Create | Villager (Male) |
| 3:31 | Build | House |
| 3:33 | Build | Lumber Camp |
| 3:58 | Create | Villager (Male) |
| 3:58 | Create | Villager (Male) |
| 3:58 | Create | Villager (Male) |
| 4:43 | Create | Villager (Male) |
| 4:43 | Create | Villager (Male) |
| 4:43 | Create | Villager (Male) |
| 4:53 | Build | House |
| 4:58 | Build | Mill |
| 5:28 | Create | Villager (Male) |
| 5:33 | Create | Villager (Male) |
| 5:33 | Create | Villager (Male) |
| 5:33 | Create | Villager (Male) |
| 5:33 | Create | Villager (Male) |
| 6:31 | Create | Villager (Male) |
| 6:32 | Research | Loom |
| 7:20 | Build | House |
| 7:28 | Create | Villager (Male) |
| 7:56 | Research | Feudal Age |
| 8:04 | Build | Lumber Camp |
| 8:27 | Create | Villager (Male) |
| 9:20 | Build | House |
| 9:25 | Build | House |
| 9:45 | Build | Barracks |
| 10:14 | Build | Mining Camp |
| 10:16 | Age | Feudal Age |
| 10:17 | Create | Villager (Male) |
| 10:17 | Create | Villager (Male) |
| 10:24 | Build | House |
| 10:57 | Create | Militia |
| 11:01 | Create | Spearman |
| 11:01 | Create | Spearman |
| 11:03 | Create | Militia |
| 11:03 | Create | Militia |
| 11:13 | Build | Palisade Wall |
| 11:20 | Build | Blacksmith |
| 11:22 | Build | House |
| 11:48 | Build | House |
| 11:51 | Create | Villager (Male) |
| 11:51 | Create | Villager (Male) |
| 11:54 | Create | Villager (Male) |
| 11:54 | Create | Villager (Male) |
| 12:16 | Research | Double-Bit Axe |
| 12:19 | Create | Militia |
| 12:20 | Research | Man-at-Arms (upgrade) |
| 12:26 | Research | Scale Mail Armor |
| 12:47 | Create | Villager (Male) |
| 13:44 | Create | Villager (Male) |
| 13:44 | Create | Villager (Male) |
| 14:07 | Research | Forging |
| 14:26 | Build | Farm |
| 14:26 | Build | Farm |
| 14:26 | Build | Farm |
| 14:26 | Build | Farm |
| 14:27 | Build | Farm |
| 14:27 | Build | Farm |
| 14:27 | Build | Farm |
| 14:27 | Build | Farm |
| 14:27 | Build | Farm |
| 14:27 | Build | Farm |
| 14:28 | Build | Farm |
| 14:56 | Create | Villager (Male) |
| 14:56 | Create | Villager (Male) |
| 14:57 | Create | Villager (Male) |
| 14:57 | Create | Villager (Male) |
| 15:30 | Build | Farm |
| 15:38 | Build | Farm |
| 15:40 | Build | Farm |
| 15:40 | Build | Farm |
| 15:43 | Create | Villager (Male) |
| 15:43 | Create | Villager (Male) |
| 16:11 | Create | Villager (Male) |
| 16:12 | Create | Villager (Male) |
| 16:12 | Create | Villager (Male) |
| 16:58 | Research | Wheelbarrow |
| 17:01 | Build | Farm |
| 17:01 | Build | Farm |
| 17:03 | Build | Farm |
| 17:27 | Create | Villager (Male) |
| 18:16 | Build | Market |
| 18:23 | Create | Villager (Male) |
| 18:31 | Build | Farm |
| 18:33 | Build | Farm |
| 18:36 | Build | Farm |
| 18:44 | Build | Farm |
| 19:09 | Research | Castle Age |
| 19:49 | Research | Stone Mining |
| 19:49 | Research | Gold Mining |
| 19:56 | Research | Stone Mining |
| 20:10 | Build | Stable |
| 20:13 | Build | House |
| 20:31 | Create | Villager (Male) |
| 20:31 | Create | Villager (Male) |
| 21:12 | Research | Scale Barding Armor |
| 21:21 | Create | Villager (Male) |
| 21:49 | Age | Castle Age |
| 21:56 | Build | Town Center |
| 22:03 | Build | Town Center |
| 22:05 | Create | Villager (Male) |
| 22:09 | Create | Villager (Male) |
| 22:12 | Create | Knight |
| 22:12 | Create | Knight |
| 22:12 | Create | Knight |
| 22:12 | Create | Knight |
| 22:14 | Create | Knight |
| 22:15 | Research | Husbandry |
| 22:22 | Research | Chain Barding Armor |
| 23:18 | Create | Villager (Male) |
| 23:23 | Research | Iron Casting |
| 23:50 | Create | Villager (Male) |
| 23:50 | Create | Villager (Male) |
| 23:54 | Create | Villager (Male) |
| 23:54 | Create | Villager (Male) |
| 23:59 | Create | Villager (Male) |
| 24:03 | Create | Villager (Male) |
| 24:04 | Create | Villager (Male) |
| 24:05 | Create | Villager (Male) |
| 24:05 | Create | Villager (Male) |
| 24:12 | Build | Farm |
| 24:13 | Build | Farm |
| 24:14 | Build | Farm |
| 24:14 | Build | Farm |
| 24:15 | Build | Farm |
| 24:39 | Create | Villager (Male) |
| 24:39 | Create | Villager (Male) |
| 24:39 | Create | Villager (Male) |
| 24:39 | Create | Villager (Male) |
| 24:40 | Create | Villager (Male) |
| 25:07 | Build | Monastery |
| 26:07 | Research | Hand Cart |
| 26:07 | Research | Town Watch |
| 26:08 | Create | Villager (Male) |
| 26:08 | Create | Villager (Male) |
| 26:08 | Create | Villager (Male) |
| 26:08 | Create | Villager (Male) |
| 26:17 | Build | House |
| 26:17 | Build | House |
Build order — OnTheVerge
First 150 of 335 actions detected
| 0:02 | Create | Villager (Male) |
| 0:02 | Create | Villager (Male) |
| 0:03 | Create | Villager (Male) |
| 0:03 | Create | Villager (Male) |
| 0:03 | Create | Villager (Male) |
| 0:05 | Build | House |
| 0:08 | Build | House |
| 0:14 | Research | Loom |
| 0:15 | Create | Villager (Male) |
| 0:15 | Create | Villager (Male) |
| 0:16 | Create | Villager (Male) |
| 1:27 | Create | Villager (Male) |
| 2:00 | Create | Villager (Male) |
| 2:00 | Create | Villager (Male) |
| 2:31 | Create | Villager (Male) |
| 2:54 | Build | Lumber Camp |
| 2:58 | Create | Villager (Male) |
| 3:07 | Create | Villager (Male) |
| 3:24 | Build | House |
| 3:35 | Create | Villager (Male) |
| 3:35 | Create | Villager (Male) |
| 4:02 | Build | Palisade Wall |
| 4:18 | Create | Villager (Male) |
| 4:18 | Create | Villager (Male) |
| 4:52 | Create | Villager (Male) |
| 5:19 | Build | Mill |
| 5:30 | Build | Mill |
| 5:39 | Build | Mill |
| 5:42 | Create | Villager (Male) |
| 5:49 | Create | Villager (Male) |
| 5:50 | Create | Villager (Male) |
| 6:33 | Create | Villager (Male) |
| 7:03 | Create | Villager (Male) |
| 7:47 | Research | Feudal Age |
| 7:56 | Build | Mining Camp |
| 8:16 | Create | Villager (Male) |
| 8:16 | Create | Villager (Male) |
| 8:24 | Build | Barracks |
| 8:30 | Build | Palisade Wall |
| 8:34 | Build | Palisade Gate |
| 8:42 | Build | Palisade Gate |
| 9:23 | Build | House |
| 9:32 | Build | House |
| 9:38 | Build | Palisade Wall |
| 9:57 | Age | Feudal Age |
| 10:00 | Create | Villager (Male) |
| 10:11 | Create | Spearman |
| 10:12 | Create | Spearman |
| 10:32 | Build | Palisade Wall |
| 10:45 | Research | Double-Bit Axe |
| 10:48 | Build | Farm |
| 10:51 | Build | Farm |
| 10:56 | Create | Villager (Male) |
| 10:58 | Create | Villager (Male) |
| 10:58 | Create | Villager (Male) |
| 11:01 | Research | Man-at-Arms (upgrade) |
| 11:24 | Build | Palisade Wall |
| 11:34 | Create | Spearman |
| 11:59 | Build | House |
| 12:00 | Build | House |
| 12:05 | Build | House |
| 12:10 | Create | Villager (Male) |
| 12:26 | Build | Farm |
| 12:26 | Build | Farm |
| 12:26 | Build | Farm |
| 12:27 | Build | Farm |
| 12:40 | Create | Villager (Male) |
| 12:54 | Build | Lumber Camp |
| 13:03 | Create | Villager (Male) |
| 13:38 | Build | Farm |
| 13:38 | Build | Farm |
| 13:43 | Create | Villager (Male) |
| 13:58 | Build | Palisade Wall |
| 14:01 | Build | Palisade Gate |
| 14:06 | Create | Villager (Male) |
| 14:16 | Create | Villager (Male) |
| 14:30 | Create | Spearman |
| 14:30 | Create | Spearman |
| 15:01 | Create | Villager (Male) |
| 15:01 | Create | Villager (Male) |
| 15:12 | Build | House |
| 15:14 | Build | House |
| 15:18 | Build | House |
| 15:21 | Build | House |
| 15:25 | Build | House |
| 15:28 | Build | House |
| 15:30 | Build | House |
| 15:33 | Build | House |
| 15:38 | Build | House |
| 15:49 | Build | House |
| 16:00 | Build | Archery Range |
| 16:06 | Create | Villager (Male) |
| 16:07 | Create | Villager (Male) |
| 16:28 | Create | Archer |
| 16:28 | Create | Archer |
| 16:28 | Create | Archer |
| 16:29 | Create | Archer |
| 16:52 | Create | Militia |
| 16:52 | Create | Militia |
| 16:52 | Create | Militia |
| 17:03 | Create | Archer |
| 17:07 | Create | Villager (Male) |
| 17:08 | Create | Villager (Male) |
| 17:08 | Create | Villager (Male) |
| 17:31 | Build | Farm |
| 18:08 | Create | Archer |
| 18:24 | Create | Villager (Male) |
| 18:24 | Create | Villager (Male) |
| 18:30 | Build | Market |
| 18:47 | Build | Blacksmith |
| 18:50 | Build | House |
| 18:56 | Create | Villager (Male) |
| 18:56 | Create | Villager (Male) |
| 18:57 | Create | Villager (Male) |
| 18:58 | Create | Militia |
| 19:04 | Create | Archer |
| 19:05 | Create | Archer |
| 19:05 | Create | Archer |
| 19:06 | Create | Archer |
| 19:09 | Create | Skirmisher |
| 19:09 | Create | Skirmisher |
| 19:50 | Create | Villager (Male) |
| 20:01 | Build | Farm |
| 20:01 | Build | Farm |
| 20:02 | Build | Farm |
| 20:02 | Build | Farm |
| 20:02 | Build | Farm |
| 20:03 | Build | Farm |
| 20:21 | Build | Farm |
| 21:01 | Build | House |
| 21:13 | Create | Archer |
| 21:25 | Research | Castle Age |
| 21:47 | Build | Mining Camp |
| 21:57 | Build | Lumber Camp |
| 22:06 | Build | Stable |
| 22:12 | Build | Stable |
| 22:39 | Research | Horse Collar |
| 22:44 | Create | Archer |
| 22:45 | Create | Archer |
| 22:58 | Build | House |
| 23:22 | Build | Lumber Camp |
| 23:52 | Build | House |
| 23:57 | Build | House |
| 24:05 | Age | Castle Age |
| 24:15 | Build | Farm |
| 24:18 | Build | Farm |
| 24:19 | Build | Farm |
| 24:42 | Build | Town Center |
| 24:47 | Create | Villager (Male) |
| 24:48 | Create | Villager (Male) |
Match timeline
| 4:02 | OnTheVerge · wall_segment Palisade Wall x12 |
| 8:24 | OnTheVerge · first_building Barracks |
| 8:30 | OnTheVerge · wall_segment Palisade Wall x8 |
| 9:38 | OnTheVerge · wall_segment Palisade Wall x4 |
| 9:45 | federico.parolin · first_building Barracks |
| 9:57 | OnTheVerge · age_up feudal |
| 10:16 | federico.parolin · age_up feudal |
| 10:32 | OnTheVerge · wall_segment Palisade Wall x19 |
| 11:13 | federico.parolin · wall_segment Palisade Wall x1 |
| 11:24 | OnTheVerge · wall_segment Palisade Wall x7 |
| 13:58 | OnTheVerge · wall_segment Palisade Wall x15 |
| 16:00 | OnTheVerge · first_building Archery Range |
| 18:54 | federico.parolin · first_market_sell 100 wood |
| 18:57 | federico.parolin · first_market_buy 100 food |
| 20:10 | federico.parolin · first_building Stable |
| 20:45 | OnTheVerge · first_market_sell 500 wood |
| 20:46 | OnTheVerge · first_market_buy 100 food |
| 21:49 | federico.parolin · age_up castle |
| 22:06 | OnTheVerge · first_building Stable |
| 24:05 | OnTheVerge · age_up castle |
| 25:07 | federico.parolin · first_building Monastery |
| 28:14 | federico.parolin · first_building Castle |
| 29:33 | OnTheVerge · first_building Castle |
| 32:11 | federico.parolin · first_building Siege Workshop |
| 35:49 | federico.parolin · age_up imperial |
| 39:16 | OnTheVerge · age_up imperial |
| 45:25 | OnTheVerge · resign |
[ AI ANALYSIS · 1 CREDIT ]
What really happened in this match?
Wolo.gg analyzes every decision: build order, eco, micro, common mistakes by bracket. Personalized analysis on WhatsApp or Discord in 30 seconds.
Civ guide
Franks
Map guide
Golden Pit
Perfil
Jugador #9340181